 Dungeon Crawl Stone Soup version 0.21.1 (webtiles) character file.

415 motty the Bolt Thrower (level 7, -7/43 HPs)
             Began as a Kobold Hunter on Feb 4, 2018.
             Was a Follower of Makhleb.
             Killed from afar by IjonTichy1's ghost (9 damage)
             ... with a zap
             ... on level 4 of the Dungeon.
             The game lasted 00:44:40 (3286 turns).

motty the Bolt Thrower (Kobold Hunter)              Turns: 3286, Time: 00:44:42

Health: -7/43      AC:  9    Str: 10    XL:     7   Next: 15%
Magic:  7/7        EV: 14    Int: 13    God:    Makhleb [*.....]
Gold:   118        SH:  0    Dex: 16    Spells: 6/6 levels left

rFire    . . .     SeeInvis .   E - +3 quarterstaff (chaos)
rCold    . . .     Gourm    .   (shield currently unavailable)
rNeg     . . .     Faith    .   D - +0 ring mail
rPois    +         Spirit   .   y - +1 helmet
rElec    .         Reflect  .   F - +1 cloak {rPois}
rCorr    .         Harm     .   (no gloves)
MR       .....                  (no boots)
Stlth    +.........             (no amulet)
HPRegen  0.14/turn              (no ring)
MPRegen  0.10/turn              (no ring)

@: about to teleport
A: small, carnivore
a: Renounce Religion


You were on level 4 of the Dungeon.
You worshipped Makhleb.
Makhleb was aware of your devotion.
You were not hungry.

You visited 1 branch of the dungeon, and saw 4 of its levels.

You collected 118 gold pieces.

Inventory:

Hand Weapons
 a - a +2 hand crossbow
 b - a +0 short sword
 e - a +0 short sword
 j - a +0 dagger
 p - a +0 hunting sling
 q - a +0 spear
 u - a +0 hand axe
 v - a cursed -1 dagger
 w - a +0 falchion
 A - a +0 mace
 C - a +0 mace
 E - a +3 quarterstaff of chaos (weapon)
 H - a +1 falchion of venom
 J - a +0 hunting sling
Missiles
 d - 51 bolts
 g - 30 arrows
 l - 5 large rocks
 m - 11 poisoned needles
 n - 4 curare-tipped needles
 r - 44 stones (quivered)
Armour
 c - a +0 leather armour
 i - a +0 leather armour
 x - a +2 animal skin
 y - a +1 helmet (worn)
 D - a +0 ring mail (worn)
 F - a +1 cloak of poison resistance (worn)
 Q - a +2 naga barding
Jewellery
 G - an uncursed ring of wizardry
 K - a +3 ring of intelligence {unknown}
Scrolls
 k - a scroll of noise {unknown}
 o - 3 scrolls of identify
 M - 2 scrolls of magic mapping {unknown}
 O - a scroll of fog {unknown}
 P - 2 scrolls of remove curse
Potions
 h - 2 potions of haste {unknown}
 s - 2 potions of cancellation {unknown}
 t - a potion of flight {unknown}
 z - a potion of magic {unknown}
 B - a potion of might {unknown}
 I - a potion of mutation {unknown}
 L - 2 potions of curing {unknown}
 R - a potion of invisibility {unknown}
Comestibles
 f - 3 rations


   Skills:
 + Level 4.2 Fighting
 + Level 1.0 Staves
 + Level 7.8 Crossbows
 + Level 1.0 Armour
 + Level 3.3 Dodging
 + Level 1.6 Stealth


You had 6 spell levels left.
You didn't know any spells.

Dungeon Overview and Level Annotations

Branches:
Dungeon (4/15)
 Temple: D:4-7

Altars:
Cheibriados
Dithmenos
Hepliaklqana
Makhleb
Okawaru
Ru
Xom

Annotations:
D:4 IjonTichy1's ghost, amateur DgAE


Innate Abilities, Weirdness & Mutations

You are small and have problems with some larger weapons.
You are carnivorous and can eat meat at any time.


Message History

You hit something but do no damage. Something hits you but does no damage.
Your ring mail prevents you from hitting something.
Something hits you.
You hit something.
Nothing appears to happen.
Something barely misses you.
You hit something. Lightning courses through something!
Something hits you but does no damage.
You closely miss something.
You hear some strange, mumbled words.
A zap appears from out of thin air!
The zap hits you!
You hear some strange, mumbled words.
A zap appears from out of thin air!
The zap hits you! x2
* * * LOW HITPOINT WARNING * * *
The zap hits something.
As you read the scroll of teleportation, it crumbles to dust.
You feel strangely unstable.
You hear some strange, mumbled words.
A zap appears from out of thin air!
The zap hits you!
* * * LOW HITPOINT WARNING * * *
The zap hits you!
You die...

###
#.##############
##...##..........
#.....##....((...
#.#....##..(.....
#......@.........
#..###≈{(≈###....
##.#...#≈≈#...# .
#..#.⌠.#≈≈#.⌠.#
#..#...#≈≈#...#
##...###≈≈≈≈###..
#......≈≈≈≈≈≈.
..#
#......≈≈≈≈≈≈. .#
#....###≈≈≈≈###


There were no monsters in sight!

Vanquished Creatures
  An ogre (D:4)
  A howler monkey (D:4)
  Crazy Yiuf (D:2)
  2 orc priests (D:3)
  A hound (D:4)
  An orc wizard (D:3)
  Robin (D:2)
  7 adders
  An ooze (D:4)
  A worm (D:2)
  3 dart slugs
  2 leopard geckos
  3 orcs (D:3)
  2 ball pythons (D:1)
  13 bats
  A giant cockroach (D:1)
  11 goblins
  8 hobgoblins
  5 kobolds
  2 quokkas (D:2)
  3 frilled lizards (D:1)
  3 rats
73 creatures vanquished.

Notes
Turn   | Place    | Note
-------+----------+-------------------------------------------
     0 | D:1      | motty the Kobold Hunter began the quest for the Orb.
     0 | D:1      | Reached XP level 1. HP: 12/12 MP: 1/1
     0 | D:1      | Noticed an orb of fire
     1 | D:1      | Noticed a golden dragon
     4 | D:1      | Noticed a large abomination
     6 | D:1      | Noticed a large abomination
     6 | D:1      | Noticed an ice dragon
     9 | D:1      | Noticed a tentacled monstrosity
    10 | D:1      | Noticed an ice dragon
    11 | D:1      | Noticed an orb of fire
    13 | D:1      | Noticed a shadow dragon
    13 | D:1      | Noticed an iron dragon
    15 | D:1      | Noticed a tentacled monstrosity
    18 | D:1      | Noticed a golden dragon
    22 | D:1      | Noticed a tentacled monstrosity
    22 | D:1      | Noticed a tentacled monstrosity
    26 | D:1      | Noticed an ice dragon
    95 | D:1      | Reached skill level 5 in Crossbows
   308 | D:1      | Reached XP level 2. HP: 17/17 MP: 2/2
   728 | D:1      | Reached XP level 3. HP: 21/21 MP: 3/3
  1181 | D:2      | Reached skill level 6 in Crossbows
  1200 | D:2      | Noticed Robin
  1206 | D:2      | Killed Robin
  1206 | D:2      | Reached XP level 4. HP: 18/27 MP: 4/4
  1278 | D:2      | Found a burning altar of Makhleb.
  1302 | D:2      | Became a worshipper of Makhleb the Destroyer
  1429 | D:2      | Found a snail-covered altar of Cheibriados.
  1430 | D:2      | Found a shimmering altar of Xom.
  1430 | D:2      | Found a hazy altar of Hepliaklqana.
  1641 | D:2      | Found a runed door.
  1645 | D:2      | Noticed Crazy Yiuf
  1650 | D:2      | Killed Crazy Yiuf
  1650 | D:2      | Reached XP level 5. HP: 23/32 MP: 5/5
  1941 | D:3      | Reached skill level 7 in Crossbows
  1958 | D:3      | Reached XP level 6. HP: 26/37 MP: 6/6
  2468 | D:3      | Reached * piety under Makhleb
  2941 | D:4      | Noticed an ogre
  2950 | D:4      | Killed an ogre
  2950 | D:4      | Reached skill level 1 in Armour
  2950 | D:4      | Reached XP level 7. HP: 43/43 MP: 7/7
  3006 | D:4      | Reached skill level 1 in Staves
  3061 | D:4      | Found an iron altar of Okawaru.
  3117 | D:4      | Found a sacrificial altar of Ru.
  3117 | D:4      | Found a shadowy altar of Dithmenos.
  3238 | D:4      | Noticed IjonTichy1's ghost (amateur DgAE)
  3286 | D:4      | HP: 2/43 [something/zap (8)]
  3286 | D:4      | Killed from afar by IjonTichy1's ghost

Skill      XL: |  1  2  3  4  5  6  7 |
---------------+----------------------+-----
Crossbows      | 5 6 7 |  7.8
Dodging        | 3 |  3.3
Fighting       | 3 4 |  4.2
Armour         | 1 |  1.0
Staves         | 1 |  1.0
Stealth        | |  1.6

Action                   |  1- 3 |  4- 6 |  7- 9 || total
-------------------------+-------+-------+-------++-------
Melee: Quarterstaff      |       |    15 |    10 ||    25
       Hand crossbow     |       |     2 |       ||     2
 Fire: Hand crossbow     |    64 |    86 |    14 ||   164
  Use: Scroll            |     1 |     4 |     1 ||     6
  Eat: Chunk             |       |     6 |       ||     6
       Ration            |       |       |     1 ||     1
Armor: Leather armour    |     8 |     6 |       ||    14
       Ring mail         |       |    17 |     8 ||    25
Dodge: Dodged            |    29 |    37 |     5 ||    71
